 Dungeon Crawl Stone Soup version 0.28-b1-25-g9875b3fc8c (webtiles) character file.

Game seed: 3412034902393068351

34284 markar the Cruncher (level 13, -9/111 HPs)
             Began as a Demigod Earth Elementalist on Jan 31, 2022.
             Mangled by a komodo dragon (14 damage)
             ... on level 5 of the Lair of Beasts on Feb 1, 2022.
             The game lasted 01:17:10 (25091 turns).

markar the Cruncher (Demigod Earth Elementalist)   Turns: 25091, Time: 01:17:10

Health: -9/111     AC: 13    Str: 13    XL:     13   Next: 11%
Magic:  13/19      EV: 10    Int: 29    God:
Gold:   605        SH:  5    Dex: 14    Spells: 12/16 levels left

rFire   + . .      SeeInvis .   P - +7 staff of the Meek {protect, meekguard}
rCold   + . .      Faith    .   (shield currently unavailable)
rNeg    . . .      Spirit   .   T - +0 ring mail {rPois}
rPois   +          Reflect  +   h - +2 helmet
rElec   .          Harm     .   J - +1 cloak {rCorr}
rCorr   +          Rampage  .   O - +0 pair of gloves
Will    +....                   g - +1 pair of boots
Stlth   +.........              G - amulet of reflection
HPRegen 0.28/turn               A - ring of protection from fire
MPRegen 0.16/turn               V - ring of protection from cold

@: no status effects
A: high MP 1, forlorn, divine attributes
a: no special abilities


You were on level 5 of the Lair of Beasts.
You visited 2 branches of the dungeon, and saw 16 of its levels.

You collected 905 gold pieces.
You spent 300 gold pieces at shops.

Inventory:

Hand Weapons
 C - a +4 quarterstaff of chaos
 P - the +7 staff of the Meek (weapon) {protect, meekguard}
   (You found it on level 1 of the Lair of Beasts)

   It grants its wielder temporary protection when it strikes (+7 to AC).
   It provides extra protection to wielders with little health.
Missiles
 c - 320 stones
Armour
 g - a +1 pair of boots (worn)
 h - a +2 helmet (worn)
 i - a +3 ring mail
 u - an orb of mayhem
 D - a +0 troll leather armour
 J - a +1 cloak of preservation (worn)
 O - a +0 pair of gloves (worn)
 S - a scarf of invisibility
 T - a +0 ring mail of poison resistance (worn)
Magical Staves
 L - a staff of earth
Jewellery
 A - a ring of protection from fire (left hand)
 G - an amulet of reflection (around neck)
 M - an amulet of the acrobat
 V - a ring of protection from cold (right hand)
Wands
 j - a wand of acid (9)
 q - a wand of flame (30)
 y - a wand of polymorph (1)
 B - a wand of iceblast (13)
 R - a wand of paralysis (5)
 U - a wand of digging (7)
Scrolls
 a - 2 scrolls of enchant weapon {unknown}
 b - a scroll of torment {unknown}
 f - a scroll of acquirement {unknown}
 k - 3 scrolls of amnesia
 p - 2 scrolls of immolation
 r - 3 scrolls of teleportation
 v - 2 scrolls of fear {unknown}
 w - 3 scrolls of noise
 z - 4 scrolls of vulnerability
 E - a scroll of magic mapping {unknown}
 F - 2 scrolls of enchant armour {unknown}
 I - 2 scrolls of blinking {unknown}
 N - 2 scrolls of fog {unknown}
 W - a scroll of identify
Potions
 d - 7 potions of curing
 e - 4 potions of heal wounds {unknown}
 l - 2 potions of haste
 m - a potion of mutation {unknown}
 n - 2 potions of invisibility {unknown}
 o - 2 potions of ambrosia {unknown}
 s - 2 potions of lignification {unknown}
 t - 4 potions of flight
 H - 2 potions of resistance
 K - a potion of brilliance {unknown}
 Q - a potion of magic {unknown}
 X - a potion of attraction {unknown}
Miscellaneous
 x - a phial of floods


   Skills:
 - Level 9.0 Fighting
 - Level 0.7(7.6) Polearms
 - Level 11.9(12.0) Staves
 - Level 1.5 Armour
 - Level 1.7 Dodging
 - Level 1.7 Stealth
 - Level 2.0 Spellcasting
 + Level 11.1 Conjurations
 - Level 0.8 Transmutations
 + Level 10.9 Earth Magic
 - Level 1.5 Evocations


You had 12 spell levels left.
You knew the following spells:

 Your Spells              Type           Power      Damage    Failure   Level
a - Sandblast             Erth           100%       2d20      1%          1
b - Stone Arrow           Conj/Erth      100%       3d13      1%          3

Your spell library contained the following spells:

 Spells                   Type           Power      Damage    Failure   Level
 Passwall                 Tmut/Erth      30%        N/A       2%          2
 Petrify                  Tmut/Erth      37%        N/A       16%         4
 Animate Armour           Summ/Erth      68%        N/A       19%         4
 Blink                    Tloc           4%         N/A       26%         2
 Corpse Rot               Necr/Air       4%         N/A       26%         2
 Poisonous Vapours        Pois/Air       4%         N/A       26%         2
 Iron Shot                Conj/Erth      30%        9d6       30%         6
 Gell's Gravitas          Tloc           2%         N/A       47%         3
 Lesser Beckoning         Tloc           2%         N/A       47%         3
 Portal Projectile        Hex/Tloc       4%         N/A       47%         3
 Teleport Other           Tloc           2%         N/A       47%         3
 Blade Hands              Tmut           3%         N/A       98%         5
 Excruciating Wounds      Necr           1%         N/A       99%         5
 Manifold Assault         Tloc           2%         N/A       99%         5


Dungeon Overview and Level Annotations

Branches:
Dungeon (10/15)            Temple (0/1) D:4            Lair (6/6) D:9
  Swamp (0/4) Lair:4       Spider (0/4) Lair:3        Slime (0/5) Lair:5
    Orc: D:9-12

Shops:
D:5 *

Annotations:
D:9 3 runed translucent doors, Dormantt's ghost, novice FoFi; croobank's ghost, journeyman GrWz


Innate Abilities, Weirdness & Mutations

You have an increased reservoir of magic. (+10% MP)
You shall have no god before yourself.
Your divine heritage dramatically boosts your attributes as you level up.


Message History

Confirm with . or Enter, or press ? or * to list all spells.
Aiming: Sandblast (safe; 1% risk of failure)
Press: ? - help, Shift-Dir - straight line, f - komodo dragon
Aim: a komodo dragon (lightly wounded, 88% to hit)
The blast of sand hits the komodo dragon but does no damage.
The komodo dragon is lightly wounded.
The komodo dragon bites you but does no damage.
Casting: Sandblast (safe; 1% risk of failure)
Confirm with . or Enter, or press ? or * to list all spells.
Aiming: Sandblast (safe; 1% risk of failure)
Press: ? - help, Shift-Dir - straight line, f/p - komodo dragon
Aim: a komodo dragon (lightly wounded, 88% to hit)
The blast of sand hits the komodo dragon but does no damage.
The komodo dragon is lightly wounded.
The komodo dragon bites you!!
* * * LOW HITPOINT WARNING * * *
Press: ? - help, v - describe, . - travel
Here: a komodo dragon (lightly wounded)
The floor, spattered with blood.
Okay, then.
Okay, then.
Aiming: Paralyse
Press: ? - help, Shift-Dir - straight line, f/p - komodo dragon
Aim: a komodo dragon (lightly wounded, chance to affect: 35%)
Okay, then.
Things that are here:
a yak corpse; a yak corpse
Press: ? - help, v - describe, . - travel
Here: a komodo dragon (lightly wounded)
The floor.
Okay, then.
The komodo dragon hisses menacingly.
Aiming: Iceblast
Press: ? - help, Shift-Dir - straight line, f/p - komodo dragon
Aim: a komodo dragon (lightly wounded)
The mass of ice explodes!
The iceblast engulfs the komodo dragon.
The komodo dragon is lightly wounded.
You see here a yak corpse.
The komodo dragon bites you!
You die...

### ♣≈≈≈≈# ### ####.♣♣♣≈≈≈♣♣###
#### ####.######...♣♣♣P≈≈P≈♣#.##
##.#P
#.#..#.#PP......♣≈.PP.P..P###.#..
..........................#P.....
..........................##.....
.........................##......
...#P....P.......................
.P##...##.......@l..÷..........PP
................#†...#..........P
.................#...##......≈.≈.
...............(.............≈≈≈≈
.............##..>..........≈≈≈≈≈
............P##P.÷..........≈≈≈≈≈
........#.....#...............≈..
.........#........#..P.P.........
>....#.................##........


You could see a komodo dragon.

Vanquished Creatures
  A dire elephant (Lair:6)
  3 hydras
  2 boulder beetles
  A centaur warrior (D:8)
  A two-headed ogre (D:8)
  A swamp dragon (Lair:4)
  An oklob plant (Lair:4)
  2 elephants
  2 centaur zombies
  6 black mambas
  A gargoyle (D:5)
  14 cane toads
  A kobold demonologist (D:8)
  A rime drake (Lair:4)
  9 komodo dragons
  A hornet (D:8)
  4 polar bears
  A troll (D:10)
  Prince Ribbit (D:5)
  26 blink frogs
  A dream sheep (Lair:6)
  Sigmund (D:4)
  37 yaks
  3 wyverns
  Eustachio (D:5)
  4 basilisks
  A redback (Lair:3)
  Menkaure (D:5)
  Edmund (D:5)
  8 water moccasins
  Duvessa (D:5)
  3 sky beasts
  2 orc warriors
  2 ice beasts
  A black bear (D:6)
  3 necrophages
  A centaur (D:9)
  2 ogres
  3 wolves (Lair:2)
  A phantom (D:5)
  A kobold brigand (D:6)
  A wyvern zombie (D:7)
  3 scorpions
  11 bullfrogs
  Dowan (D:5)
  A water moccasin skeleton (D:6)
  7 killer bees
  4 wights (D:9)
  An electric eel (Lair:5)
  2 howler monkeys (D:9)
  Crazy Yiuf (D:4)
  4 orc priests
  2 gnoll shamans
  5 hounds
  4 iguanas
  3 orc wizards
  A howler monkey zombie (D:7)
  10 gnolls
  5 adders
  A white imp (D:6)
  2 ufetubi
  2 adder skeletons (D:4)
  2 worms
  3 dart slugs
  27 orcs
  5 ball pythons
  9 endoplasms
  6 giant cockroaches
  9 goblins
  10 hobgoblins
  4 jackals
  13 kobolds
  5 quokkas
  3 bats
  6 frilled lizards
  2 rats
332 creatures vanquished.

Vanquished Creatures (others)
  A bush (Lair:4)
  21 fungi
  33 plants
55 creatures vanquished.

Grand Total: 387 creatures vanquished

Notes
Turn   | Place    | Note
-------+----------+-------------------------------------------
     0 | D:1      | markar the Demigod Earth Elementalist began the quest for
                  | the Orb.
     0 | D:1      | Reached XP level 1. HP: 14/14 MP: 5/5
   435 | D:1      | Reached XP level 2. HP: 20/20 MP: 4/7
  1236 | D:2      | Reached XP level 3. HP: 26/26 MP: 6/8
  2467 | D:3      | Learned a level 3 spell: Stone Arrow
  3194 | D:3      | Reached XP level 4. HP: 33/33 MP: 7/9
  3417 | D:3      | Reached skill level 1 in Conjurations
  4004 | D:4      | Reached skill level 5 in Earth Magic
  4008 | D:4      | Reached XP level 5. HP: 38/38 MP: 4/10
  4209 | D:4      | Found a staircase to the Ecumenical Temple.
  4215 | D:4      | Noticed Sigmund
  4666 | D:4      | Found a runed translucent door.
  4667 | D:4      | Noticed Crazy Yiuf
  5025 | D:4      | Killed Sigmund
  5026 | D:4      | Reached XP level 6. HP: 35/45 MP: 5/11
  5608 | D:5      | Entered Level 5 of the Dungeon
  5609 | D:5      | Noticed Duvessa
  5609 | D:5      | Noticed Dowan
  5612 | D:5      | Noticed Prince Ribbit
  5663 | D:4      | Reached skill level 1 in Staves
  5734 | D:5      | Reached XP level 7. HP: 50/50 MP: 8/13
  5748 | D:5      | Killed Duvessa
  5926 | D:5      | Killed Prince Ribbit
  5989 | D:5      | Killed Dowan
  6191 | D:5      | Reached XP level 8. HP: 57/57 MP: 7/14
  6312 | D:5      | Noticed Eustachio
  6394 | D:5      | Noticed Edmund
  6402 | D:5      | Killed Edmund
  6403 | D:5      | Reached skill level 5 in Conjurations
  6611 | D:5      | Found Euiryczu's Eclectic Emporium.
  6911 | D:5      | Killed Eustachio
  7211 | D:4      | Killed Crazy Yiuf
  7366 | D:5      | Noticed Menkaure
  7369 | D:5      | Noticed a gargoyle
  7372 | D:5      | Killed Menkaure
  7438 | D:5      | Killed a gargoyle
  7953 | D:6      | Reached XP level 9. HP: 62/62 MP: 2/15
  9618 | D:8      | Noticed a centaur warrior
 10092 | D:8      | Killed a centaur warrior
 10227 | D:8      | Paralysed by a hornet for 3 turns
 10532 | D:8      | Reached skill level 1 in Armour
 10650 | D:7      | Reached XP level 10. HP: 31/69 MP: 0/16
 10842 | D:7      | Reached skill level 10 in Earth Magic
 11054 | D:8      | Reached skill level 10 in Conjurations
 11555 | D:8      | Reached skill level 1 in Fighting
 11816 | D:8      | You fall into a shaft and drop 2 floors!
 11816 | D:10     | Entered Level 10 of the Dungeon
 12017 | D:9      | Found a runed translucent gate.
 12018 | D:9      | Found a runed translucent gate.
 12018 | D:9      | Found a runed translucent gate.
 12021 | D:9      | Noticed Dormantt's ghost (novice FoFi)
 12021 | D:9      | Noticed croobank's ghost (journeyman GrWz)
 12060 | D:9      | Found a staircase to the Lair.
 12303 | D:8      | Noticed a two-headed ogre
 12309 | D:8      | Killed a two-headed ogre
 12564 | D:5      | Bought a staff of earth for 300 gold pieces
 13601 | D:9      | Noticed a boulder beetle
 13620 | D:9      | Killed a boulder beetle
 13621 | D:9      | Reached skill level 5 in Staves
 14236 | Lair:1   | Entered Level 1 of the Lair of Beasts
 14437 | Lair:1   | Reached XP level 11. HP: 85/85 MP: 7/17
 14860 | Lair:1   | Reached skill level 5 in Fighting
 15042 | Lair:1   | Found the +7 staff of the Meek {protect, meekguard}
 17113 | Lair:2   | Noticed a boulder beetle
 17119 | Lair:2   | Killed a boulder beetle
 17512 | Lair:3   | Reached skill level 10 in Staves
 17661 | Lair:3   | Noticed a seven-headed hydra
 17775 | Lair:3   | Killed a seven-headed hydra
 18173 | Lair:3   | Reached XP level 12. HP: 74/94 MP: 7/18
 18271 | Lair:3   | Reached skill level 1 in Evocations
 18407 | Lair:3   | Found a hole to the Spider Nest.
 19588 | Lair:3   | Upgraded the game from 0.28-b1-1-g3c77fb2ed1 to
                  | 0.28-b1-25-g9875b3fc8c
 20120 | Lair:4   | Found a staircase to the Swamp.
 21008 | Lair:4   | You fall into a shaft and drop 2 floors!
 21008 | Lair:6   | Entered Level 6 of the Lair of Beasts
 21128 | Lair:5   | Found a staircase to the Slime Pits.
 21620 | Lair:5   | Noticed a six-headed hydra
 21651 | Lair:5   | Killed a six-headed hydra
 23587 | Lair:6   | Noticed a four-headed hydra
 23592 | Lair:6   | Killed a four-headed hydra
 24309 | Lair:6   | Reached XP level 13. HP: 111/111 MP: 6/19
 24322 | Lair:6   | Noticed a dire elephant
 24501 | Lair:6   | Killed a dire elephant
 25076 | Lair:5   | HP: 1/111 [komodo dragon (22)]
 25091 | Lair:5   | Mangled by a komodo dragon

Illustrated notes

Levels and vault maps discovered:
D:1:      dpeg_arrival_tiny_a, layout_loops_ring, minmay_vboxes
D:2:      layout_loops_ring, minivault_25
D:3:      layout_loops_ring, mainiacjoe_overflow_divided_tiny,
          chequers_arboretum, nicolae_concentric_dashed_squares_wild
D:4:      layout_basic, temple_doors_ab, wad_woods_river_04, hex_large,
          uniq_sigmund, uniq_crazy_yiuf_cottage
D:5:      layout_loops_ring, mainiacjoe_overflow_tiny_flanked,
          corexii_hall_statues_l, nicolae_alphabet_shops, uniq_edmund,
          uniq_prince_ribbit1, uniq_menkaure, uniq_duvessa, uniq_eustachio
D:6:      layout_basic
D:7:      layout_gridville, lemuel_blue_sif_altar
D:8:      layout_layer_cave, general_overflow_altar, grunt_temple_overflow_open,
          serial_park_tiny_1, minmay_microvault
D:9:      layout_basic, dpeg_oklobed_lair, gammafunk_ghost_cemetery
D:10:     layout_rooms, worldfamousw_hep_ancestral_shrine,
          gammafunk_temple_overflow_pools, minmay_bent, uniq_maurice
Lair:1:   layout_chaotic_city, infiniplex_staircase_pool_2, grunt_megastairs_5
Lair:2:   layout_cave_shapes
Lair:3:   layout_cave_pods, spider_nest_entry_webs, gauntlet_entry_generic
Lair:4:   layout_layer_cave, minmay_swamp_entry_reptiles, columned_hall_lemuel,
          lemuel_oklob_altar
Lair:5:   layout_gridlike, slime_altar_1, serial_bayou_shore_b
Lair:6:   evil_forest, layout_cave_pods, serial_bayou_shore_b

Skill      XL: |  1  2  3  4  5  6  7  8  9 10 11 12 13 |
---------------+----------------------------------------+-----
Earth Magic    | 3 4 5 6 8 9 10 | 10.9
Spellcasting   | 2 |  2.0
Conjurations   | 1 2 4 8 9 10 11 | 11.1
Staves         | 1 5 11 | 11.9
Armour         | 1 |  1.5
Fighting       | 4 5 9 |  9.0
Evocations     | 1 |  1.5
Polearms       | |  0.7
Dodging        | |  1.7
Stealth        | |  1.7
Transmutations | |  0.8

Action                   |  1- 3 |  4- 6 |  7- 9 | 10-12 | 13-15 || total
-------------------------+-------+-------+-------+-------+-------++-------
Melee: Unarmed           |   158 |       |       |       |       ||   158
       Whip              |    27 |       |       |       |       ||    27
       Punch             |     3 |       |       |     5 |       ||     8
       Spear             |       |    53 |       |       |       ||    53
       Quarterstaff      |       |    39 |    62 |   116 |    21 ||   238
       Staff             |       |       |       |    87 |       ||    87
 Cast: Sandblast         |    46 |    49 |    28 |    49 |    11 ||   183
       Stone Arrow       |       |       |   100 |   295 |    21 ||   416
Evoke: Wand              |       |       |       |     3 |     1 ||     4
  Use: Scroll            |       |       |     5 |     6 |       ||    11
       Potion            |       |       |       |     2 |       ||     2
 Stab: Sleeping          |     6 |       |       |       |       ||     6
       Confused          |       |       |     1 |       |       ||     1
Armor: Robe              |    79 |    36 |    39 |       |       ||   154
       Ring mail         |       |       |    21 |   145 |    17 ||   183
       Troll leather arm |       |       |       |    14 |       ||    14
Dodge: Dodged            |   137 |    57 |   106 |   166 |    18 ||   484
Block: Other             |       |       |       |    56 |    13 ||    69
